AoeStats
← | ArCas | Toruk Makto

Arena

504873338Analyzed
4v4 RM · 25d ago on Sep 6, 2026· 40m 52s· 8 players
Game mode
Random Map
Map size
Large (8 player)
Population
200
Speed
Normal
Resources
Standard
Victory
Conquest
Starting age
Dark Age
Ending age
Imperial Age
RankedLock teamsTeams togetherTeam positionsShared explorationLock speedFull tech treeHidden civsTurbo modeCheats
Victory
Defeat
🇺🇸 Burgundians · United States
1436
+15
🇦🇷 Bohemians · Argentina
1435
+15
🇺🇸 Sicilians · United States
1347
+18
🇺🇸 Poles · United States
1268
+22
🇦🇷 Wei · Argentina
1486
-21
🇦🇷 Britons · Argentina
1397
-17
🇦🇷 Lithuanians · Argentina
1381
-17
🇦🇷 Malay · Argentina
1354
-15
Alfalfa
10:12 Feudal Age
11:57 Loom
14:29 Castle Age
12:41 Double-Bit Axe
12:47 Horse Collar
17:52 Bow Saw
20:50 Heavy Plow
24:23 Wheelbarrow
24:01 Gold Mining
26:12 Hand Cart
29:30 Imperial Age
29:53 Imperial Age
27:49 Stone Mining
28:00 Loom
28:49 Scale Barding Armor
29:24 Bloodlines
29:15 Husbandry
29:55 Chain Barding Armor
30:13 Cavalier
32:01 Plate Barding Armor
31:19 Town Watch
33:32 Chemistry
31:58 Paladin
34:12 Forging
38:10 Light Cavalry
39:30 Iron Casting
40:05 Stone Shaft Mining
| ArCas | Toruk Makto
12:35 Feudal Age
15:37 Castle Age
13:49 Horse Collar
13:56 Double-Bit Axe
14:25 Loom
22:17 Forging
24:09 Town Watch
24:40 Squires
26:01 Wheelbarrow
32:57 Imperial Age
30:32 Pikeman
32:25 Fletching
32:35 Gold Mining
38:38 Iron Casting
41:07 Blast Furnace
[BadStart] The Shadow
6:06 Loom
8:21 Feudal Age
8:55 Double-Bit Axe
11:32 Fletching
14:17 Horse Collar
18:32 Wheelbarrow
21:29 Castle Age
20:14 Gold Mining
21:45 Stone Mining
23:38 Fortified Wall
24:09 Town Watch
27:29 Bodkin Arrow
29:10 Ballistics
33:54 Imperial Age
32:36 Bow Saw
34:40 Bracer
35:41 Chemistry
35:55 Two-Man Saw
35:45 Masonry
36:01 Padded Archer Armor
35:53 Crossbowman
37:25 Arbalester
38:28 Leather Archer Armor
LeoGalda
9:00 Feudal Age
9:40 Double-Bit Axe
12:18 Loom
12:54 Horse Collar
16:42 Wheelbarrow
16:00 Gold Mining
17:01 Stone Mining
17:22 Forging
21:40 Castle Age
20:29 Town Watch
21:10 Scale Barding Armor
21:35 Bloodlines
23:10 Bow Saw
23:00 Heavy Plow
24:34 Chain Barding Armor
25:03 Iron Casting
33:04 Gold Shaft Mining
33:14 Stone Shaft Mining
39:31 Imperial Age
37:27 Husbandry
Chase_The_Dragon
10:10 Feudal Age
14:36 Castle Age
12:25 Horse Collar
12:49 Double-Bit Axe
15:00 Forging
14:51 Loom
20:54 Scale Mail Armor
23:14 Chain Mail Armor
32:54 Town Watch
34:13 Scale Barding Armor
34:37 Stone Mining
36:06 Iron Casting
43:45 Imperial Age
xLucky900
11:23 Feudal Age
14:52 Castle Age
12:45 Horse Collar
12:56 Double-Bit Axe
12:53 Horse Collar
14:28 Bloodlines
16:35 Loom
21:52 Wheelbarrow
23:05 Gold Mining
23:30 Bow Saw
23:57 Husbandry
27:03 Scale Barding Armor
32:16 Imperial Age
30:18 Forging
30:51 Gold Mining
30:52 Stone Mining
31:25 Chain Barding Armor
32:13 Iron Casting
31:30 Town Watch
32:15 Heavy Plow
33:04 Hand Cart
32:23 Cavalier
33:39 Plate Barding Armor
34:31 Gold Shaft Mining
35:25 Conscription
36:24 Blast Furnace
35:59 Crop Rotation
36:09 Hauberk
35:28 Light Cavalry
39:27 Coinage
38:51 Fletching
39:06 Scale Mail Armor
frivolous spender
10:24 Feudal Age
14:31 Castle Age
16:01 Double-Bit Axe
16:02 Horse Collar
18:16 Heavy Plow
18:29 Bow Saw
21:14 Heavy Plow
24:46 Wheelbarrow
24:03 Gold Mining
25:27 Szlachta Privileges
26:02 Stone Mining
28:52 Imperial Age
28:59 Imperial Age
26:28 Loom
27:01 Hand Cart
27:10 Bloodlines
28:17 Forging
29:00 Scale Barding Armor
29:06 Husbandry
29:10 Cavalier
30:43 Crop Rotation
30:49 Stone Shaft Mining
31:01 Iron Casting
33:17 Chain Barding Armor
33:58 Blast Furnace
33:49 Light Cavalry
35:28 Winged Hussar
41:41 Conscription
ManuchoARG Industrial
9:06 Loom
11:55 Feudal Age
18:34 Fletching
21:24 Double-Bit Axe
22:47 Horse Collar
28:08 Castle Age
33:32 Imperial Age
32:46 Chemistry
32:42 Fervor
35:07 Conscription
38:57 Scale Mail Armor
39:07 Forging
39:46 Squires
40:09 Heavy Plow
39:57 Town Watch
39:42 Pikeman
40:48 Halberdier
41:45 Chain Mail Armor
42:05 Iron Casting
Connection lost

Rejoining the realm…

Still unreachable

The connection could not be restored.

Session expired

The server has moved on; the page needs a fresh start.